 Dungeon Crawl Stone Soup version 0.32-a0-42-ga30500b4d3 (webtiles) character file.

Game seed: 14906571134929294172

3981 cforsyth the Fighter (level 10, 0/81 HPs)
             Began as a Djinni Reaver on Jan 28, 2024.
             Was an Initiate of Yredelemnul.
             Slain by a steam dragon (10 damage)
             ... on level 8 of the Dungeon.
             The game lasted 00:15:28 (9855 turns).

cforsyth the Fighter (Djinni Reaver)                Turns: 9855, Time: 00:15:28

Health: 0/81       AC:  4    Str: 11    XL:     10   Next: 46%
Gold:   352        EV: 12    Int: 18    God:    Yredelemnul [......] SH:  0 Dex: 13

rFire   + + +        C - +5 flail
rCold   x . .        (no shield)
rNeg    . . .        b - +0 leather armour
rPois   ∞            q - +0 helmet
rElec   .            (no cloak)
rCorr   .            (no gloves)
SInv    .            (boots unavailable)
Will    +....        (no amulet)
Stlth   +            z - ring of protection from fire
HPRegen 0.33/turn    (no ring)
MPRegen 0.00/turn

%: infuse magic (-1 HP)
@: immotile, flying
A: sickness immunity, fire resistance 2, cold vulnerability 1, float, innate
caster, HP casting, extra vitality 1
a: Renounce Religion, Recall Undead Harvest


You were on level 8 of the Dungeon.
You worshipped Yredelemnul.
Yredelemnul was noncommittal.
You visited 2 branches of the dungeon, and saw 9 of its levels.

You collected 352 gold pieces.

Inventory:

Hand Weapons
 a - a +0 short sword
 x - a +5 dagger
 C - a +5 flail (weapon)
Armour
 b - a +0 leather armour (worn)
 q - a +0 helmet (worn)
Jewellery
 z - a ring of protection from fire (left hand)
 E - a ring of willpower
Wands
 r - a wand of flame (15)
 y - a wand of roots (6)
 B - a wand of digging (3)
 D - a wand of acid (9)
Scrolls
 d - 4 scrolls of teleportation {unknown}
 e - 2 scrolls of vulnerability {unknown}
 f - 6 scrolls of identify {unknown}
 g - a scroll of brand weapon {unknown}
 k - 3 scrolls of amnesia {unknown}
 l - 2 scrolls of blinking {unknown}
 o - 6 scrolls of noise {unknown}
 s - a scroll of enchant armour {unknown}
 u - a scroll of fear {unknown}
 A - a scroll of fog {unknown}
Potions
 c - a potion of might {unknown}
 h - 2 potions of haste {unknown}
 i - a potion of attraction {unknown}
 j - 5 potions of curing
 m - a potion of cancellation {unknown}
 n - a potion of berserk rage {unknown}
 p - a potion of enlightenment {unknown}
 t - a potion of invisibility {unknown}
 v - a potion of resistance {unknown}
 w - a potion of degeneration {unknown}
 F - a potion of mutation {unknown}


   Skills:
 + Level 10.5 Fighting
 - Level 3.1 Short Blades
 - Level 2.8 Dodging
 + Level 8.3 Spellcasting
 + Level 8.3 Conjurations
 + Level 8.3 Hexes
 + Level 8.3 Summonings
 + Level 8.3 Necromancy
 + Level 8.3 Translocations
 + Level 8.3 Fire Magic
 + Level 8.3 Ice Magic
 + Level 8.3 Air Magic
 + Level 8.3 Earth Magic
 + Level 8.3 Alchemy


You knew the following spells:

 Your Spells              Type           Power      Damage    Failure   Level
a - Kiss of Death         Conj/Necr      100%       2d13      1%          1
b - Momentum Strike       Conj/Tloc      74%        3d10      1%          2
c - Hailstorm             Conj/Ice       37%        3d9       1%          3
d - Summon Small Mammal   Summ           100%       N/A       1%          1
e - Searing Ray           Conj           74%        2d7       1%          2
f - Scorch                Fire           74%        2d8       1%          2
g - Volatile Blastmotes   Fire/Tloc      74%        2d16      1%          3
Your spell library was empty.

Dungeon Overview and Level Annotations

Branches:
Dungeon (8/15)             Temple (1/1) D:5
   Lair: D:8-11

Altars:
Ashenzari
Cheibriados
Dithmenos
Elyvilon
Gozag
Hepliaklqana
Makhleb
Nemelex Xobeh
Okawaru
Qazlal
Ru
Trog
Uskayaw
Wu Jian
Xom
Yredelemnul
The Shining One

Shops:
D:1 (

Annotations:
D:2 1 runed translucent door, Crazy Yiuf


Innate Abilities, Weirdness & Mutations

You are immune to sickness and miasma.
You are immune to poison.
Your flesh is very heat resistant. (rF++)
You are vulnerable to cold. (rC-)
You float through the air rather than walking.
You learn spells naturally, not from books.
Your magical power is your life essence.
You have superior vitality. (+4 MHP)


Message History

Your orc zombie hits the sleepcap but does no damage.
The steam dragon breathes steam at you. The ball of steam hits you. You resist.
* * * LOW HITPOINT WARNING * * *
Your orc wizard zombie hits the steam dragon but does no damage.
Casting: Momentum Strike (safe; 1% risk of failure)
Confirm with . or Enter, or press ? or * to list all spells.
Aiming: Searing Ray (safe; 1% risk of failure)
Press: ? - help, Shift-Dir - straight line, f/p - steam dragon
Aim: a steam dragon (severely wounded, catching its breath, ally target, 81% to hit)
Okay, then.
Casting: Searing Ray (safe; 1% risk of failure)
Confirm with . or Enter, or press ? or * to list all spells.
Flames lash the sleepcap.
The sleepcap is burned terribly!
The sleepcap is heavily damaged.
* * * LOW HITPOINT WARNING * * *
The orc hits your orc zombie with a +0 mace.
Something barely misses your orc zombie.
The steam dragon closely misses you. The steam dragon claws you.
* * * LOW HITPOINT WARNING * * *
Your orc zombie hits the orc.
Your orc wizard zombie closely misses the steam dragon.
You cannot move.
Casting: Scorch (safe; 1% risk of failure)
Confirm with . or Enter, or press ? or * to list all spells.
Flames lash the steam dragon.
The steam dragon is almost dead.
The steam dragon's fire resistance burns away.
* * * LOW HITPOINT WARNING * * *
The steam dragon bites you!
* * * LOW HITPOINT WARNING * * *
The steam dragon closely misses you.
The orc throws a stone.
The stone hits your orc zombie. The sleepcap releases spores at you.
* * * LOW HITPOINT WARNING * * *
Your orc zombie closely misses the orc.
It was a potion of curing.
You feel better.
Your orc wizard zombie closely misses the steam dragon.
The steam dragon bites you!
You die...
Your body becomes fuel for the black torch.

#. #. ##..
### .....
#.#
....$##.##
....o.{Z.
#.)ZDf####.#
#@.....#
#..#.....
#..# ##.
..... #..#
#####
#####..# #
#......#
#.###.## #Z#
#.# #.# #.#


You could see a steam dragon (catching breath, combustible, ally target), a
sleepcap (combustible), an orc (ally target), a friendly orc zombie and a
friendly orc wizard zombie.

Vanquished Creatures
  Maurice (D:7)
  A hornet (D:7)
  Sigmund (D:5)
  A shadow (D:4)
  A water moccasin (D:5)
  3 black bears
  An ice beast (D:7)
  A sky beast (D:7)
  3 ogres
  2 centaurs
  2 phantoms
  2 bullfrogs (D:7)
  3 scorpions
  2 gnoll sergeants
  11 wights
  8 howler monkeys
  An electric eel (D:7)
  An orc priest (D:5)
  A jelly (D:4)
  A gnoll bouda (D:5)
  2 hounds
  3 iguanas (D:6)
  2 orc wizards
  9 adders
  20 gnolls
  3 white imps
  4 ufetubi
  3 dart slugs
  4 ribbon worms
  12 orcs
  6 ball pythons
  5 endoplasms
  3 giant cockroaches
  8 goblins
  6 hobgoblins
  6 jackals
  2 quokkas
  3 bats
  3 frilled lizards (D:3)
  2 kobolds
  3 rats
156 creatures vanquished.

Vanquished Creatures (collateral kills)
  A howler monkey (D:7)
  2 gnolls
3 creatures vanquished.

Vanquished Creatures (others)
  A centaur zombie (D:7)
  A bullfrog zombie (D:7)
  An iguana zombie (D:6)
  3 gnoll zombies
  2 orc zombies
  A spectral ufetubus (D:7)
9 creatures vanquished.

Grand Total: 168 creatures vanquished

Notes
Turn   | Place    | Note
-------+----------+-------------------------------------------
     0 | D:1      | cforsyth the Djinni Reaver began the quest for the Orb.
     0 | D:1      | cforsyth set off with the following spells memorised: Kiss
                  | of Death, Momentum Strike, Hailstorm.
     0 | D:1      | Reached XP level 1. HP: 18/18 MP: 0/0
   112 | D:1      | Reached XP level 2. HP: 22/23 MP: 0/0
   575 | D:1      | Reached XP level 3. HP: 18/28 MP: 0/0
   575 | D:1      | Learned a level 1 spell: Summon Small Mammal
   776 | D:1      | Found Acomp's Antique Weapon Shop.
   893 | D:2      | Found a broken altar of Ashenzari.
  1152 | D:2      | Reached XP level 4. HP: 32/34 MP: 0/0
  1249 | D:2      | Found a runed translucent door.
  1250 | D:2      | Noticed Crazy Yiuf
  1346 | D:2      | Found a faded altar of an unknown god.
  1439 | D:2      | Reached skill level 3 in Fighting
  2099 | D:3      | Reached XP level 5. HP: 29/40 MP: 0/0
  2099 | D:3      | Learned a level 2 spell: Searing Ray
  2969 | D:3      | Found a bloodstained altar of Trog.
  3327 | D:4      | Reached skill level 4 in Fighting
  3327 | D:4      | Reached XP level 6. HP: 32/47 MP: 0/0
  3854 | D:4      | Noticed an ogre
  3862 | D:4      | Killed an ogre
  4009 | D:4      | Reached XP level 7. HP: 31/53 MP: 0/0
  4009 | D:4      | Learned a level 2 spell: Scorch
  4247 | D:5      | Entered Level 5 of the Dungeon
  4249 | D:5      | Noticed Sigmund
  4251 | D:5      | Reached skill level 5 in Fighting
  4291 | D:5      | Killed Sigmund
  4488 | D:5      | Reached skill level 5 in Spellcasting
  4488 | D:5      | Reached skill level 5 in Conjurations
  4488 | D:5      | Reached skill level 5 in Hexes
  4488 | D:5      | Reached skill level 5 in Summonings
  4488 | D:5      | Reached skill level 5 in Necromancy
  4488 | D:5      | Reached skill level 5 in Translocations
  4488 | D:5      | Reached skill level 5 in Fire Magic
  4488 | D:5      | Reached skill level 5 in Ice Magic
  4488 | D:5      | Reached skill level 5 in Air Magic
  4488 | D:5      | Reached skill level 5 in Earth Magic
  4488 | D:5      | Reached skill level 5 in Alchemy
  4569 | D:5      | Reached skill level 6 in Fighting
  4569 | D:5      | Reached XP level 8. HP: 49/61 MP: 0/0
  4999 | D:5      | Noticed a shadow
  5030 | D:4      | Killed a shadow
  5115 | D:5      | Reached skill level 7 in Fighting
  5569 | D:5      | Found a staircase to the Ecumenical Temple.
  5579 | Temple   | Entered the Ecumenical Temple
  5596 | Temple   | Became a worshipper of Yredelemnul the Dark
  5766 | D:6      | Reached XP level 9. HP: 55/68 MP: 0/0
  5766 | D:6      | Learned a level 3 spell: Volatile Blastmotes
  5899 | D:6      | Found a burning altar of Makhleb.
  5901 | D:6      | Found a shadowy altar of Dithmenos.
  6306 | D:6      | Reached skill level 8 in Fighting
  6848 | D:6      | Found a sparkling altar of Nemelex Xobeh.
  6874 | D:6      | Reached * piety under Yredelemnul
  7344 | D:7      | Noticed a hornet
  7351 | D:7      | Killed a hornet
  7351 | D:7      | Noticed Maurice
  7373 | D:7      | Reached skill level 9 in Fighting
  8277 | D:7      | Reached XP level 10. HP: 61/78 MP: 0/0
  8286 | D:7      | Reached ** piety under Yredelemnul
  8675 | D:7      | Maurice stole 309 gold
  8676 | D:7      | Maurice stole a ring of protection from fire
  8677 | D:7      | Maurice stole a +0 short sword
  8678 | D:7      | Maurice stole a throwing net
  8686 | D:7      | Killed Maurice
  8687 | D:7      | Reached skill level 10 in Fighting
  9855 | D:8      | Slain by a steam dragon

Illustrated notes

Levels and vault maps discovered:
D:1:      psy_arrival_terrarium, layout_loops_ring, serial_shops,
          nicolae_shop_gibbet_a_chance, minmay_domino_2
D:2:      layout_basic, basic_altar, shapermc_ecumenical_altar_petra,
          minmay_statues_item, uniq_crazy_yiuf_cottage
D:3:      layout_basic, trog_butcher_becter
D:4:      layout_basic, kennysheep_generic_room_10
D:5:      layout_rooms, minmay_temple_entry_poolview, uniq_sigmund
D:6:      layout_basic, nicolae_overflow_macrodata_refinement, serial_aquarium,
          aquarium_bridge_island_small [aquarium_subvault_small_open,
          aquarium_subvault_wall, aquarium_subvault_bridge,
          aquarium_subvault_balcony, aquarium_subvault_bridge],
          aquarium_bridge_square [aquarium_subvault_wall,
          aquarium_subvault_window, aquarium_subvault_window,
          aquarium_subvault_bridge], aquarium_window_fake, aquarium_window_fake,
          aquarium_view_4, aquarium_view_2a, st_stairs_12
D:7:      layout_loops_ring, kb_lookout_dungeons_type, nrook_pool_corridor,
          uniq_maurice
D:8:      layout_basic, uniq_joseph
Temple:   eino_temple_water

Skill      XL: |  1  2  3  4  5  6  7  8  9 10 |
---------------+-------------------------------+-----
Spellcasting   | 3 4 5 6 7 8 |  8.3
Conjurations   | 3 4 5 6 7 8 |  8.3
Hexes          | 3 4 5 6 7 8 |  8.3
Summonings     | 3 4 5 6 7 8 |  8.3
Necromancy     | 3 4 5 6 7 8 |  8.3
Translocations | 3 4 5 6 7 8 |  8.3
Fire Magic     | 3 4 5 6 7 8 |  8.3
Ice Magic      | 3 4 5 6 7 8 |  8.3
Air Magic      | 3 4 5 6 7 8 |  8.3
Earth Magic    | 3 4 5 6 7 8 |  8.3
Alchemy        | 3 4 5 6 7 8 |  8.3
Short Blades   | 3 |  3.1
Fighting       | 3 4 6 7 9 10 | 10.5
Dodging        | |  2.8

Action                     |  1- 3 |  4- 6 |  7- 9 | 10-12 || total
---------------------------+-------+-------+-------+-------++-------
  Melee: Short sword       |    86 |   239 |     6 |       ||   331
         Punch             |       |     2 |       |       ||     2
         Dagger            |       |       |     2 |     2 ||     4
         Flail             |       |       |       |     3 ||     3
   Cast: Hailstorm         |     2 |    16 |    21 |       ||    39
         Momentum Strike   |     1 |     1 |     4 |     1 ||     7
         Searing Ray       |       |     2 |     1 |       ||     3
         Summon Small Mamm |       |     1 |     3 |       ||     4
         Kiss of Death     |       |     1 |       |       ||     1
         Scorch            |       |       |   130 |    72 ||   202
    Use: Potion            |       |       |       |     1 ||     1
   Stab: Sleeping          |       |     1 |       |       ||     1
 Armour: Leather armour    |    54 |    97 |    71 |    53 ||   275
  Dodge: Dodged            |    42 |   139 |    59 |    31 ||   271

Table legend: (Time is in decaauts)
 A = Elapsed time spent in this place.
 B = Non-inter-level travel time spent in this place.
 C = Inter-level travel time spent in this place.
 D = Time resting spent in this place.
 E = Time spent auto-exploring this place.
 F = Levels seen in this place.
 G = Mean time per level.
                   A        B        C        D        E       F      G
               +--------+--------+--------+--------+--------+-----+--------+
         Total |   9820 |   9467 |    353 |   1647 |   6332 |   9 | 1091.1 |
       Dungeon |   9785 |   9465 |    320 |   1647 |   6332 |   8 | 1223.1 |
        Temple |     34 |      1 |     33 |      0 |      0 |   1 |   34.0 |
               +--------+--------+--------+--------+--------+-----+--------+

Top non-repeatable levels by time:
     D:6: 1852 daAuts
     D:7: 1599 daAuts
     D:5: 1470 daAuts
     D:4: 1299 daAuts
     D:3: 1175 daAuts
     D:2: 1028 daAuts
     D:1: 947 daAuts
     D:8: 411 daAuts
  Temple: 34 daAuts
